 Dungeon Crawl Stone Soup version 0.26.0-16-gc1dbca0489 (webtiles) character file.

Game seed: 9083153372791679744

10503 112233 the Spear-Bearer (level 11, -11/115 HPs)
             Began as an Octopode Fighter on Jan 20, 2021.
             Was an Initiate of Gozag.
             Mangled by Donald
             ... wielding a +3 scimitar of electrocution
              (26 damage)
             ... on level 2 of the Orcish Mines.
             The game lasted 00:12:17 (12322 turns).

112233 the Spear-Bearer (Octopode Fighter)         Turns: 12322, Time: 00:12:17

Health: -11/115    AC: 29    Str: 16    XL:     11   Next: 63%
Magic:  11/11      EV:  2    Int: 12    God:    Gozag
Gold:   1753       SH: 11    Dex: 13    Spells: 10/10 levels left

rFire    + . .     SeeInvis +   H - +9 demon trident (venom)
rCold    + . .     Faith    .   b - +0 kite shield
rNeg     + + +     Spirit   .   (helmet currently unavailable)
rPois    +         Reflect  .   (no amulet)
rElec    +         Harm     .   g - ring of stealth
rCorr    +         Rampage  .   i - ring of poison resistance
Will     .....     NoTele   +   j - +4 ring of evasion
Stlth    +++++.....             o - +4 ring of protection
HPRegen  0.29/turn              f - ring of see invisible
MPRegen  0.12/turn              (no ring)
                                (no ring)
                                (no ring)

@: mighty, tree-form, resistant
A: almost no armour, stealthy swim, (amphibious), 8 rings, (constrict 8)
a: End Transformation, Renounce Religion, Potion Petition, Call Merchant, Bribe
Branch


You were on level 2 of the Orcish Mines.
You worshipped Gozag.
Gozag was most pleased with you.
You were a tree.
You visited 2 branches of the dungeon, and saw 13 of its levels.

You collected 2766 gold pieces.
You spent 450 gold pieces at shops.
You paid 563 gold pieces to Gozag.

Inventory:

Hand Weapons
 a - a +0 trident
 e - a +1 dagger of protection
 m - the +3 morningstar of Qazlal's Outrage {vorpal, MP+9}
   (You found it on level 5 of the Dungeon)

   It inflicts extra damage upon your enemies.
   It affects your magic capacity (+9).
 H - a +9 demon trident of venom (weapon)
 L - the +7 shortbow of Victory {freeze, rC- Str+8 Dex+4, unknown}
   (You found it on level 9 of the Dungeon)

   It causes projectiles fired from it to freeze those they strike, causing
   extra injury to most foes and up to half again as much damage against
   particularly susceptible opponents.
   They can also slow down cold-blooded creatures.
   It affects your strength (+8).
   It affects your dexterity (+4).
   It makes you vulnerable to cold.
 T - the +6 hand crossbow of Woe {freeze, rC++ MP-9 Int+2 Dex+3, unknown}
   (You found it on level 10 of the Dungeon)

   It causes projectiles fired from it to freeze those they strike, causing
   extra injury to most foes and up to half again as much damage against
   particularly susceptible opponents.
   They can also slow down cold-blooded creatures.
   It affects your intelligence (+2).
   It affects your dexterity (+3).
   It greatly protects you from cold.
   It affects your magic capacity (-9).
Missiles
 w - 7 silver boomerangs
 A - 66 poisoned darts
 B - a throwing net {!f}
 I - 2 javelins (quivered)
Armour
 b - a +0 kite shield (worn)
Jewellery
 f - a ring of see invisible (on tentacle)
 g - a ring of stealth (left branch)
 i - a ring of poison resistance (right branch)
 j - a +4 ring of evasion (on tentacle)
 k - an uncursed ring of wizardry
 o - a +4 ring of protection (on tentacle)
 x - an uncursed ring of ice
 N - an uncursed amulet of faith {unknown}
 O - an uncursed amulet of magic regeneration {unknown}
 S - a cursed ring of attention {unknown}
Wands
 G - a wand of digging (5)
 J - a wand of enslavement (13)
 Q - a wand of iceblast (13)
 U - a wand of acid (2)
Scrolls
 d - 3 scrolls of fog {unknown}
 h - 4 scrolls of enchant weapon
 l - 6 scrolls of teleportation {@r3}
 r - a scroll of remove curse {@r2}
 s - 4 scrolls of amnesia
 u - 4 scrolls of immolation
 v - 4 scrolls of noise
 y - 2 scrolls of random uselessness
 D - 2 scrolls of magic mapping
 F - 2 scrolls of enchant armour
 P - 3 scrolls of identify {@r1}
 R - a scroll of fear {unknown}
Potions
 c - a potion of magic {unknown}
 n - 5 potions of mutation {unknown}
 p - a potion of lignification {unknown}
 q - 4 potions of flight {unknown}
 t - 14 potions of degeneration
 z - 3 potions of haste {unknown}
 C - a potion of berserk rage {unknown}
 E - a potion of invisibility {unknown}
 K - 2 potions of curing {unknown}
 M - a potion of ambrosia {unknown}


   Skills:
 + Level 8.1 Fighting
 * Level 10.7 Polearms
 + Level 7.9 Dodging
 + Level 10.1 Stealth
 + Level 8.0 Shields


You had 10 spell levels left.
You didn't know any spells.
Your spell library was empty.

Dungeon Overview and Level Annotations

Branches:
Dungeon (11/15)            Temple (0/1) D:6             Orc (2/2) D:10
    Elf (0/3) Orc:2
   Lair: D:8-11

Altars:
Cheibriados
Fedhas
Gozag
Okawaru
Qazlal
Sif Muna
Trog
Uskayaw
Vehumet
Xom
Beogh

Shops:
D:5 (   D:7 *   D:8 (

Annotations:
D:7 3 runed translucent doors, 4Zeroes's ghost, novice MiBe
D:9 2 runed translucent doors, akumoriri's ghost, novice GnBe
Orc:2 Donald


Innate Abilities, Weirdness & Mutations

You cannot wear most types of armour.
You are very stealthy in the water. (Stealth+)
((You are amphibious.))
You can wear up to eight rings at the same time.
((You can use your tentacles to constrict eight enemies at once.))
((Your skin changes colour to match your surroundings (Stealth+).))
((Your rubbery body absorbs attacks. (AC +1, EV +1)))


Message History

You constrict Donald.
Donald hits you with a +3 scimitar of electrocution!!
You are too injured to fight recklessly!
Okay, then.
Okay, then. [a] - 390 gold - heal wounds and magic [b] - 450 gold - resistance and invisibility [c] - 425 gold - lignification, might and resistance Purchase which effect?
You turn into a tree.
Your roots penetrate the ground.
You lose your grip on Donald.
You feel very mighty all of a sudden.
You feel protected. You block Donald's attack.
Unknown command.
Donald blocks your attack.
Donald hits you with a +3 scimitar of electrocution!!
* * * LOW HITPOINT WARNING * * *
Donald hits you with a +3 scimitar of electrocution!!
You die...
Your body crumbles into a pile of gold.

......#......
.....#......#.....$.....
#.......<...##..........
#.....>....###..........
............##..........
........................
........................
.....#.#.........@......
....#...........♣#
...###.#.........# .###
###.........# ..#
####...∩.## .## #....##
## ###### #


You could see Donald (fast, strong, extremely poisoned).

Vanquished Creatures
  Erica (D:8)
  A two-headed ogre (D:7)
  An orc high priest (Orc:1)
  Joseph (D:9)
  2 trolls
  A hornet (D:8)
  A shadow (D:10)
  A wraith (D:10)
  6 yaks
  A steam dragon (D:8)
  A warg (D:10)
  A water moccasin (D:8)
  2 ice beasts (D:5)
  12 orc warriors
  A black bear (D:8)
  A necrophage (D:8)
  5 phantoms
  A sky beast (D:7)
  8 ogres
  2 centaurs
  2 bullfrogs
  3 scorpions
  8 killer bees
  7 wights
  2 howler monkeys
  A jelly (D:7)
  8 hounds
  A centaur zombie (D:8)
  15 orc priests
  14 orc wizards
  An iguana (D:6)
  2 centaur skeletons
  5 worker ants
  6 ogre zombies (D:10)
  A howler monkey zombie (D:6)
  A worker ant zombie (D:6)
  6 gnolls
  6 adders
  A shadow imp (D:5)
  2 white imps
  An ufetubus (D:8)
  An ooze (D:5)
  3 worms
  A dart slug (D:3)
  2 leopard geckos
  46 orcs
  2 ball pythons
  6 bats
  A giant cockroach (D:2)
  9 goblins
  5 hobgoblins
  17 jackals
  7 quokkas
  2 frilled lizards
  3 goblin zombies (D:10)
  A hobgoblin skeleton (D:10)
  2 hobgoblin zombies (D:10)
  8 kobolds
  An orc skeleton (D:10)
  12 orc zombies (D:10)
  3 quokka skeletons
  8 rats
283 creatures vanquished.

Vanquished Creatures (others)
  Maurice (D:9)
1 creature vanquished.

Grand Total: 284 creatures vanquished

Notes
Turn   | Place    | Note
-------+----------+-------------------------------------------
     0 | D:1      | 112233 the Octopode Fighter began the quest for the Orb.
     0 | D:1      | Reached XP level 1. HP: 16/16 MP: 1/1
   228 | D:3      | Reached XP level 2. HP: 13/21 MP: 2/2
   481 | D:4      | Reached XP level 3. HP: 26/26 MP: 3/3
   512 | D:4      | Reached skill level 1 in Stealth
   512 | D:4      | Reached XP level 4. HP: 31/31 MP: 4/4
   551 | D:4      | Noticed a phantom
   579 | D:5      | Entered Level 5 of the Dungeon
   619 | D:5      | Got a fine morningstar
   620 | D:5      | Identified the cursed +3 morningstar of Qazlal's Outrage
                  | {vorpal, MP+9} (You found it on level 5 of the Dungeon)
   710 | D:4      | Noticed an ogre
   714 | D:4      | Reached XP level 5. HP: 24/36 MP: 5/5
  1320 | D:4      | Found a hide-covered altar of Uskayaw.
  1327 | D:4      | Killed an ogre
  1328 | D:4      | Reached XP level 6. HP: 43/43 MP: 6/6
  1531 | D:4      | Killed a phantom
  1820 | D:5      | Noticed an ice beast
  1824 | D:5      | Reached XP level 7. HP: 37/48 MP: 7/7
  2001 | D:5      | Found Ivvac's Antique Weapon Emporium.
  2136 | D:5      | Found a snail-covered altar of Cheibriados.
  2143 | D:5      | Found an opulent altar of Gozag.
  2151 | D:5      | Reached skill level 5 in Polearms
  2160 | D:5      | Became a worshipper of Gozag Ym Sagoz the Greedy
  3181 | D:2      | Found a bloodstained altar of Trog.
  3304 | D:2      | Found a radiant altar of Vehumet.
  3306 | D:2      | Found a snail-covered altar of Cheibriados.
  3306 | D:2      | Found a shimmering altar of Xom.
  3308 | D:2      | Found a snail-covered altar of Cheibriados.
  3308 | D:2      | Found a shimmering blue altar of Sif Muna.
  3308 | D:2      | Found a bloodstained altar of Trog.
  4569 | D:5      | Found a bloodstained altar of Trog.
  4771 | D:5      | Reached XP level 8. HP: 54/54 MP: 8/8
  5209 | D:5      | Reached skill level 5 in Fighting
  5209 | D:5      | Reached skill level 5 in Dodging
  5209 | D:5      | Reached skill level 5 in Stealth
  5561 | D:6      | Reached skill level 5 in Shields
  6281 | D:6      | Found a staircase to the Ecumenical Temple.
  6377 | D:7      | Reached XP level 9. HP: 41/61 MP: 9/9
  6481 | D:7      | Found Iceocs's Elemental Accessories.
  6527 | D:7      | Found a runed translucent gate.
  6538 | D:7      | Found a runed translucent gate.
  6539 | D:7      | Found a runed translucent gate.
  6539 | D:7      | Noticed 4Zeroes's ghost (novice MiBe)
  6542 | D:7      | Found a roughly hewn altar of Beogh.
  6542 | D:7      | Identified the +3 trident of Beychuz {flame, Int+3}
  6542 | D:7      | Identified the +0 chain mail of a ziggurat {Regen+ Dex+3
                  | Slay-4}
  6646 | D:7      | Found a stormy altar of Qazlal.
  6677 | D:7      | Found an iron altar of Okawaru.
  7904 | D:5      | Bought a runed demon trident for 450 gold pieces
  8079 | D:8      | Noticed a two-headed ogre
  8141 | D:7      | Killed a two-headed ogre
  8258 | D:8      | Noticed a hornet
  8277 | D:8      | Reached XP level 10. HP: 69/69 MP: 10/10
  8610 | D:8      | Noticed Erica
  8619 | D:8      | Killed Erica
  8940 | D:8      | Found Aloydgh's Antique Weapon Shop.
  9002 | D:9      | Found a blossoming altar of Fedhas.
  9057 | D:9      | Found a large runed translucent door.
  9062 | D:9      | Found a large runed translucent door.
  9088 | D:9      | Noticed akumoriri's ghost (novice GnBe)
  9223 | D:9      | Got an encrusted shortbow
  9542 | D:9      | Noticed Joseph
  9555 | D:9      | Killed Joseph
  9776 | D:9      | Noticed Maurice
  9783 | D:9      | Killed Maurice
  9784 | D:9      | Reached XP level 11. HP: 70/75 MP: 11/11
 10071 | D:10     | Entered Level 10 of the Dungeon
 10097 | D:10     | Reached skill level 10 in Polearms
 10120 | D:10     | Found a staircase to the Orcish Mines.
 10566 | D:10     | Got a translucent hand crossbow
 10943 | Orc:1    | Entered Level 1 of the Orcish Mines
 10962 | Orc:1    | Noticed an orc high priest
 11530 | Orc:1    | Noticed a soul eater
 11689 | Orc:1    | Killed an orc high priest
 11695 | Orc:1    | Reached skill level 10 in Stealth
 11836 | Orc:1    | Found an iron altar of Okawaru.
 11985 | Orc:2    | Entered Level 2 of the Orcish Mines
 12251 | Orc:2    | Found a roughly hewn altar of Beogh.
 12294 | Orc:2    | Found a staircase to the Elven Halls.
 12309 | Orc:2    | Noticed Donald
 12322 | Orc:2    | Mangled by Donald

Illustrated notes

Levels and vault maps discovered:
D:1:      wheals_arrival_linesprint, layout_loops_ring
D:2:      layout_loops_corners, general_overflow_altar, doesnt_xom_only_xom
D:3:      layout_basic, serial_aquarium, aquarium_bridge_square
          [aquarium_subvault_bridge, aquarium_subvault_window,
          aquarium_subvault_bridge, aquarium_subvault_window],
          aquarium_window_1, aquarium_window_fake, aquarium_window_2,
          aquarium_view_2d, aquarium_view_2f
D:4:      layout_loops_ring, nicolae_overflow_crystal_walls
D:5:      minmay_razor_zed, layout_rooms, minitemple, serial_shops, shop_statue,
          trog_hazing_becter
D:6:      layout_basic, minmay_temple_entry_drinking_statues
D:7:      layout_basic, lemuel_doored_altar, kennysheep_mini_moat,
          enter_bailey_7, biasface_ghost_orc_armoury, nicolae_elemental_shop
D:8:      layout_rooms, serial_shops, shop, uniq_erica
D:9:      layout_basic, ebering_ghost_disaster_area, fedhas_altar_2,
          uniq_maurice, uniq_joseph
D:10:     layout_rooms, zombieorc1_lemuel, minmay_holes
D:11:     layout_big_octagon, erik_lair_island, serial_column_ruins,
          column_ruins_temple_circle, column_ruins_corridor_straight,
          column_ruins_corridor_corner, column_ruins_grid_1,
          column_ruins_corridor_straight
Orc:1:    layout_caves, okawaru_metal_pillars_1_2
Orc:2:    st_orc_open, layout_diamond_mine, abandoned_shop,
          hangedman_feature_mirror, uniq_donald

Skill      XL: |  1  2  3  4  5  6  7  8  9 10 11 |
---------------+----------------------------------+-----
Polearms       | 3 4 5 6 8 9 10 | 10.7
Stealth        | 1 2 3 4 5 7 9 10 | 10.1
Dodging        | 4 5 6 7 |  7.9
Fighting       | 4 5 6 7 8 |  8.1
Shields        | 4 5 6 7 8 |  8.0

Action                   |  1- 3 |  4- 6 |  7- 9 | 10-12 || total
-------------------------+-------+-------+-------+-------++-------
Melee: Dagger            |    27 |     3 |       |       ||    30
       Constrict         |     8 |    15 |    52 |    37 ||   112
       Trident           |     3 |       |       |       ||     3
       Tentacles         |     6 |    11 |    42 |    46 ||   105
       Morningstar       |       |    55 |   248 |       ||   303
       Demon trident     |       |       |    40 |   308 ||   348
Throw: Javelin           |       |       |     4 |       ||     4
       Boomerang         |       |       |     1 |       ||     1
Invok: Potion Petition   |       |       |       |     1 ||     1
  Use: Scroll            |       |       |    14 |       ||    14
       Potion            |       |       |     4 |       ||     4
 Stab: Sleeping          |     4 |     5 |    20 |    18 ||    47
       Distracted        |       |       |     2 |     1 ||     3
Armor: Skin              |     9 |     3 |    25 |    13 ||    50
Dodge: Dodged            |     7 |    31 |   200 |    93 ||   331
Block: Kite shield       |    11 |    31 |   143 |    99 ||   284
